Description

빠르게 3우관을 올려서 최종 조합을 맞추는 빌드. 공허는 1줄까지 이후 고기, 돌광으로 한타임 버티고 빠르게 황금함대 완성하는 빌드.

최종조합 = 6캐리어 + 공허 1줄 + 고기 4~6 + 3 멸자 + 3 아콘 + 1 모선

Build Order

Get SALT Encoding   

  13  0:05  Action  앞마당 탐사정 이동
  13  0:12  Pylon  앞마당 심시티 후 정찰
  14  0:20  Action (Chrono Boost)  연결체 증폭
  15  0:33  Action  15번째 탐사정 앞마당 랠리
  16  0:41  Gateway  
  17  0:48  Assimilator  관문지은 탐사정으로
  18  1:00  Action  광물 16기 채우고 가스쪽 랠리
  19  1:15  Action  광물 250때 탐사정 앞마당 이동
  20  1:24  Nexus  
  20  1:14  Cybernetics Core  앞마당 심시티
  21  1:43  Assimilator  2번째 가스쪽 랠리
  22  1:52  Pylon  본진 가스통과 붙여서
  23  2:11  Adept (Chrono Boost), Warp Gate  2기까지
  25  2:12  Action (Chrono Boost)  본진 연결체 증폭
  27  2:27  Stargate  
  31  2:37  Action (Chrono Boost)  앞마당 연결체 증폭
  35  2:59  Gateway  앞마당 심시티
  37  3:11  Void Ray (Chrono Boost)  
  41  3:16  Pylon  앞마당,본진 외각쪽에
  42  3:38  Oracle (Chrono Boost)  
  48  3:40  Action  트리플 탐사정 이동
  50  3:50  Nexus  
  50  3:51  Pylon  
  52  4:03  Assimilator x2  
  54  4:09  Shield Battery  트리플쪽에
  56  4:20  Adept  2기 트리플쪽 수비, 1기 앞마당 입막
  58  4:22  Pylon  
  58  4:30  Stargate x2  
  58  4:25  Action (Chrono Boost)  앞마당 가스일꾼, 앞마당 연결체 증폭
  60  4:40  Pylon (Chrono Boost)  본진 연결체 증폭
  61  4:47  Void Ray  
  66  4:51  Zealot  트리플 수비용 광전사
  70  4:59  Assimilator x2  
  73  5:07  Action (Chrono Boost)  트리플 연결체 증폭
  73  5:08  Pylon  
  81  5:20  Action  트리플 가스 일꾼
  81  5:21  Void Ray x3 (Chrono Boost)  이후 공허 1줄까지. 증폭 꾸준히
  92  5:35  Pylon x3  
  96  5:53  Forge  
  96  5:55  Twilight Council  
  108  6:15  Pylon x2  트리플쪽
  111  6:30  Gateway  3 gateway
  111  6:32  Protoss Ground Weapons Level 1  
  115  6:35  Charge  
  115  6:41  Templar Archives  
  117  6:58  Gateway  4 gateway 트리플 심시티
  117  7:01  Robotics Bay  
  117  7:10  Gateway  8관문 유지
  117  7:20  Psionic Storm (Chrono Boost)  
  117  7:25  High Templar  4 Templar 이후 유지
  123  7:30  Nexus  멀티
  128  7:43  Protoss Air Weapons Level 1 (Chrono Boost)  
  128  7:51  Immortal (Chrono Boost)  
  132  7:54  Zealot  4 zealot
  152  8:50  Protoss Ground Weapons Level 2 (Chrono Boost)  
  152  9:00  Action  멀티 3배터리 3캐논
  152  9:10  Observer  이후 멸자 2기 이후 분광기
  160  9:30  Fleet Beacon  
  165  10:00  Protoss Air Weapons Level 2  
  168  10:14  Assimilator x2  멀티 일꾼 최적화 후
  168  10:20  Carrier (Chrono Boost)  6 carrier 까지
  178  10:45  Dark Shrine  
  199  11:50  Gateway  12관문 맞추기
  200  12:00  Nexus  멀티
  200  11:05  Mothership (Chrono Boost)  
  200  13:10  Protoss Air Weapons Level 3 (Chrono Boost)  
Spawning Tool Build Advisor. Get it on Overwolf

Go to:

Details

  • Created by: bookshelf421
  • Published on: Oct 31, 2020
  • Modified on: Oct 31, 2020
  • Patch: 4.11.0
  • Difficulty: Medium
Show
View Real Time Build Order
Export as new Build Order

Comments (1)

On Dec. 24, 2020, 10:27 p.m., MattiCk  said:

Anyone have accurate translation?

Create an account to comment!